 Dungeon Crawl Stone Soup version 0.25-a0-339-gb37b713d4c (webtiles) character file.

Game seed: 15766499929252968297, levelgen mode: deterministic

656933 burekbajo the Dwarven Barricade (level 27, -8/193 HPs)
             Began as a Deep Dwarf Fighter on Dec 29, 2019.
             Was the Champion of Makhleb.
             Killed from afar by an ancient lich (65 damage)
             ... with a crystal spear
             ... on level 5 of the Realm of Zot.
             The game lasted 02:31:48 (53101 turns).

burekbajo the Dwarven Barricade (DDFi)             Turns: 53101, Time: 02:31:50

Health: -8/193     AC: 37    Str: 31    XL:     27
Magic:  0/0        EV: 11    Int: 22    God:    Makhleb [******]
Gold:   5195       SH: 41    Dex: 11    Spells: 26/26 levels left

rFire    + + +     SeeInvis +   C - +4 war axe (vamp)
rCold    + + +     Gourm    .   z - +13 large shield of Veomeuc {-Tele Int+8}
rNeg     + . .     Faith    .   b - +10 gold dragon scales
rPois    +         Spirit   .   a - +3 crown of Dyrovepreva {rElec Int+2 SInv}
rElec    +         Reflect  .   m - +0 cloak of Woddosang {rC+ Dex+3}
rCorr    +         Harm     .   S - +1 pair of gloves {Str+3}
MR       +++++     NoTele   +   V - +2 pair of boots {Stlth+}
Stlth    ..........             e - amulet of the acrobat
HPRegen  0.00/turn              J - ring of protection from fire
MPRegen  0.07/turn              Y - ring of protection from magic

@: resistant, very slightly contaminated, non-regenerating, studying Slings,
invisible
A: damage resistance, heal wounds, clumsy 2, deformed body, deterioration 1,
fire resistance 1, frail 3, low mp 1, negative energy resistance 1, sense
surroundings 3, teleportitis 1, weak 1, subdued magic 1, no regeneration
}: 3/15 runes: decaying, serpentine, silver
a: Heal Wounds, Minor Destruction, Lesser Servant of Makhleb, Major Destruction,
Greater Servant of Makhleb, Renounce Religion


You were on level 5 of the Realm of Zot.
You worshipped Makhleb.
Makhleb was exalted by your worship.
You were not hungry.

You visited 10 branches of the dungeon, and saw 50 of its levels.
You visited 1 bazaar.
You also visited: Ice Cave and Wizlab.

You collected 7592 gold pieces.
You spent 2397 gold pieces at shops.

Inventory:

Hand Weapons
 k - the +11 broad axe of Youthful Indiscretion {venom, +Rage rElec MR+ Str+3}
   (You found it on level 5 of the Vaults)

   It poisons the flesh of those it strikes.
   It affects your strength (+3).
   It insulates you from electricity.
   It affects your resistance to hostile enchantments.
   It lets you go berserk.
 C - a +4 vampiric war axe (weapon)
 L - a +6 vampiric demon whip
 U - the +8 bardiche of the Crushed Demons {speed, rElec}
   (You found it on level 3 of the Snake Pit)

   Attacks with this weapon are significantly faster.
   It insulates you from electricity.
Armour
 a - the +3 crown of Dyrovepreva (worn) {rElec Int+2 SInv}
   (You acquired it on level 1 of the Depths)

   It affects your intelligence (+2).
   It insulates you from electricity.
   It lets you see invisible.
 b - +10 gold dragon scales (worn)
 m - the +0 cloak of Woddosang (worn) {rC+ Dex+3}
   (You found it on level 2 of the Depths)

   It affects your dexterity (+3).
   It protects you from cold.
 z - the +13 large shield of Veomeuc (worn) {-Tele Int+8}
   (You found it on level 4 of the Vaults)

   It affects your intelligence (+8).
   It prevents most forms of teleportation.
 G - the +2 helmet "Ronlah Ria" {rCorr}
   (You found it on level 3 of the Elven Halls)

   It provides partial protection from all sources of acid and corrosion.
 S - a +1 pair of gloves of strength (worn)
 V - a +2 pair of boots of stealth (worn)
Jewellery
 e - an amulet of the acrobat (around neck)
 l - the ring "Ummowk" {rN+ Stlth+}
   (You took it off a deep elf demonologist on level 5 of the Vaults)

   [ring of stealth]

   It protects you from negative energy.
   It makes you more stealthy.
 p - an uncursed ring of stealth
 A - an uncursed ring of protection from cold
 D - an uncursed ring of stealth
 J - a ring of protection from fire (left hand)
 K - an uncursed ring of poison resistance
 Y - a ring of protection from magic (right hand)
Wands
 h - a wand of iceblast (39)
 n - a wand of flame (138)
 F - a wand of digging (10)
 T - a wand of disintegration (90)
Scrolls
 c - 4 scrolls of immolation
 j - 7 scrolls of enchant weapon
 o - 17 scrolls of amnesia
 s - 3 scrolls of blinking
 u - a scroll of holy word
 v - 21 scrolls of remove curse
 w - 7 scrolls of magic mapping
 y - 16 scrolls of identify
 B - 6 scrolls of fog
 H - 19 scrolls of teleportation
 P - 2 scrolls of brand weapon
 W - 9 scrolls of fear
Potions
 d - 6 potions of magic
 i - 5 potions of ambrosia
 q - 7 potions of agility
 t - 2 potions of resistance
 x - 5 potions of flight
 E - 6 potions of haste
 M - 5 potions of cancellation
 N - 6 potions of might
 O - 4 potions of heal wounds
 Q - 5 potions of invisibility
 R - 6 potions of brilliance
 Z - 4 potions of berserk rage
Books
 I - a manual of Slings
Miscellaneous
 r - a box of beasts
 X - 3 sacks of spiders
Comestibles
 f - 47 rations


   Skills:
 + Level 21.8 Fighting
 + Level 25.4(26.3) Axes
 + Level 12.0(19.3) Maces & Flails
 + Level 3.5(15.5) Polearms
 + Level 1.9(2.1) Slings
 + Level 1.0(1.3) Throwing
 + Level 18.2 Armour
 + Level 10.7 Dodging
 O Level 27 Shields
 + Level 1.0 Unarmed Combat
 + Level 1.3 Invocations
 + Level 1.8 Evocations


You had 26 spell levels left.
You didn't know any spells.
Your spell library contained the following spells:

 Spells                   Type           Power        Failure   Level  Hunger
 Animate Skeleton         Necr           N/A          86%         1    ##.....
 Apportation              Tloc           #.....       86%         1    ##.....
 Beastly Appendage        Tmut           #.....       86%         1    ##.....
 Confusing Touch          Hex            #.....       86%         1    ##.....
 Foxfire                  Conj/Fire      #...         86%         1    ##.....
 Freeze                   Ice            #...         86%         1    ##.....
 Infusion                 Chrm           #...         86%         1    ##.....
 Sandblast                Erth           #.....       86%         1    ##.....
 Shock                    Conj/Air       #...         86%         1    ##.....
 Summon Small Mammal      Summ           #...         86%         1    ##.....
 Blink                    Tloc           N/A          94%         2    ###....
 Call Imp                 Summ           #.......     94%         2    ###....
 Passwall                 Tmut/Erth      #.......     94%         2    ###....
 Poisonous Vapours        Pois/Air       #.....       94%         2    ###....
 Shroud of Golubria       Chrm/Tloc      #.....       94%         2    ###....
 Song of Slaying          Chrm           #.......     94%         2    ###....
 Sticks to Snakes         Tmut           #.......     94%         2    ###....
 Swiftness                Chrm/Air       #.......     94%         2    ###....
 Call Canine Familiar     Summ           #.......     99%         3    ####...
 Confuse                  Hex            #.......     99%         3    ####...
 Conjure Flame            Conj/Fire      #.......     99%         3    ####...
 Gell's Gravitas          Tloc           #.........   99%         3    ####...
 Inner Flame              Hex/Fire       #.......     99%         3    ####...
 Lesser Beckoning         Tloc           #.........   99%         3    ####...
 Mephitic Cloud           Conj/Pois/Air  #.......     99%         3    ####...
 Ozocubu's Armour         Chrm/Ice       #.......     99%         3    ####...
 Recall                   Summ/Tloc      N/A          99%         3    ####...
 Spectral Weapon          Hex/Chrm       #.......     99%         3    ####...
 Spider Form              Tmut/Pois      #.........   99%         3    ####...
 Static Discharge         Conj/Air       #.......     99%         3    ####...
 Stone Arrow              Conj/Erth      #.....       99%         3    ####...
 Summon Guardian Golem    Hex/Summ       #.......     99%         3    ####...
 Teleport Other           Tloc           #.......     99%         3    ####...
 Vampiric Draining        Necr           #.........   99%         3    ####...
 Airstrike                Air            #.........   100%        4    #####..
 Animate Dead             Necr           N/A          100%        4    #####..
 Cause Fear               Hex            #.........   100%        4    #####..
 Hailstorm                Conj/Ice       #.......     100%        4    #####..
 Ice Form                 Ice/Tmut       #.......     100%        4    #####..
 Passage of Golubria      Tloc           N/A          100%        4    #####..
 Petrify                  Tmut/Erth      #.......     100%        4    #####..
 Sticky Flame             Conj/Fire      #.......     100%        4    #####..
 Summon Ice Beast         Ice/Summ       #.......     100%        4    #####..
 Summon Lightning Spire   Summ/Air       #.......     100%        4    #####..
 Aura of Abjuration       Summ           #.........   100%        5    ######.
 Blade Hands              Tmut           #.........   100%        5    ######.
 Bolt of Magma            Conj/Fire/Erth #.........   100%        5    ######.
 Borgnjor's Vile Clutch   Necr/Erth      #.........   100%        5    ######.
 Dispel Undead            Necr           #.......     100%        5    ######.
 Excruciating Wounds      Chrm/Necr      #.........   100%        5    ######.
 Fireball                 Conj/Fire      #.........   100%        5    ######.
 Iskenderun's Battlesphe  Conj/Chrm      #.......     100%        5    ######.
 Lee's Rapid Deconstruct  Erth           #.........   100%        5    ######.
 Lightning Bolt           Conj/Air       #.........   100%        5    ######.
 Metabolic Englaciation   Hex/Ice        #.........   100%        5    ######.
 Silence                  Hex/Air        #.........   100%        5    ######.
 Summon Demon             Summ           #.........   100%        5    ######.
 Summon Forest            Summ/Tloc      #.........   100%        5    ######.
 Summon Mana Viper        Hex/Summ       #.......     100%        5    ######.
 Yara's Violent Unravell  Hex/Tmut       #.........   100%        5    ######.
 Conjure Ball Lightning   Conj/Air       #.........   100%        6    #######
 Death Channel            Necr           #.........   100%        6    #######
 Deflect Missiles         Chrm/Air       #.........   100%        6    #######
 Freezing Cloud           Conj/Ice/Air   #.........   100%        6    #######
 Hydra Form               Tmut           #.........   100%        6    #######
 Iron Shot                Conj/Erth      #.........   100%        6    #######
 Ozocubu's Refrigeration  Ice            #.........   100%        6    #######
 Shadow Creatures         Summ           N/A          100%        6    #######
 Simulacrum               Ice/Necr       #.........   100%        6    #######
 Starburst                Conj/Fire      #.........   100%        6    #######
 Haunt                    Necr/Summ      #.........   100%        7    #######
 Malign Gateway           Summ/Tloc      #.........   100%        7    #######
 Orb of Destruction       Conj           #.........   100%        7    #######
 Ring of Flames           Chrm/Fire      #.........   100%        7    #######
 Spellforged Servitor     Conj/Summ      #.........   100%        7    #######
 Borgnjor's Revivificati  Necr           #.........   100%        8    #######
 Chain Lightning          Conj/Air       #.........   100%        8    #######
 Death's Door             Chrm/Necr      #.........   100%        8    #######
 Discord                  Hex            #.........   100%        8    #######
 Infestation              Necr           #.........   100%        8    #######
 Lehudib's Crystal Spear  Conj/Erth      #.........   100%        8    #######
 Necromutation            Tmut/Necr      #.........   100%        8    #######
 Fire Storm               Conj/Fire      #.........   100%        9    #######
 Glaciate                 Conj/Ice       #.........   100%        9    #######
 Regeneration             Chrm/Necr      Unusable     N/A         3    N/A

Dungeon Overview and Level Annotations

Branches:
Dungeon (15/15)            Temple (1/1) D:4            Lair (6/6) D:11
  Swamp (4/4) Lair:4        Snake (4/4) Lair:2        Slime (0/5) Lair:5
    Orc (2/2) D:9             Elf (3/3) Orc:2        Vaults (5/5) D:14
  Crypt (0/3) Vaults:3     Depths (5/5) D:15            Zot (5/5) Depths:5
  IceCv (visited)          WizLab (visited)

Altars:
Ashenzari
Cheibriados
Dithmenos
Elyvilon
Fedhas
Gozag
Hepliaklqana
Kikubaaqudgha
Makhleb
Nemelex Xobeh
Okawaru
Qazlal
Ru
Sif Muna
Trog
Uskayaw
Vehumet
Wu Jian
Xom
Yredelemnul
Zin
The Shining One
Beogh

Shops:
Orc:2 [(*:[   Elf:1 }%   Snake:3 (*=%   Vaults:1 [   Vaults:2 (
Depths:1 [(=[*   Depths:2 !

Portals:
Hell: Depths:1 Depths:2 Depths:3 Depths:4 Depths:5
Abyss: Depths:4 Depths:5
Pandemonium: Depths:1 Depths:3 Depths:4
Ziggurat: Depths:5


Innate Abilities, Weirdness & Mutations

You are resistant to damage.
You can heal yourself by infusing magical energy.
You resist negative energy. (rN+)
You passively map a large area around you.
You do not regenerate.
You are very clumsy. (Dex -4)
Armour fits poorly on your strangely shaped body.
Your body sometimes deteriorates upon taking damage.
Your flesh is heat resistant. (rF+)
You are extremely frail. (-30% HP)
Your magical capacity is low. (-10% MP)
You are occasionally teleported next to monsters.
You are weak. (Str -2)
Your spells are a little easier to cast, but a little less powerful.


Message History

You miss the electric golem. You miss the orb of fire.
You slash the orb of fire!
The electric golem hurls lightning at you.
The bolt of lightning hits you! You resist.
The bolt of lightning hits the orb of fire.
The orb of fire completely resists.
The ancient lich touches you!
* * * LOW HITPOINT WARNING * * *
You hit the ancient lich but do no damage.
The ancient lich is severely damaged.
You hit the orb of fire but do no damage.
You slash the orb of fire! You miss the electric golem.
The orb of fire glows bright magenta.
Strange energies course through your body.
The electric golem blinks!
The orb of fire glows bright magenta.
Strange energies course through your body.
Your connection to magic feels subdued.
The ancient lich casts a spell at you. The crystal spear hits you!!!
You die...

, , * ,, , , ,, , , , ,
, , , , *** ,, , ,, ,,,
* * , , ,, * , , ,, , *
, , , ,, , * ** , , , ,
#▓▓▓▓▓▓▓▓▓▓▓##.. , *
###...†...@*......
##....##..§L*...... ,,
######...###.......(..^.
,,, *
........###.............
,, .......##
#.........?... ^......#
#........8....,,, ,
......## #.............,
, ......#
#............., , *
......## , , , ,*


You could see 2 orbs of fire, an electric golem and an ancient lich.

Vanquished Creatures
  3 ancient liches
  The ghost of Depecis the Wrestler, a legendary TrMo of Okawaru (Depths:2)
  The ghost of Eliodgh the Wrestler, a legendary TrMo of Okawaru (Depths:1)
  An orb of fire (Zot:2)
  Mara (Snake:3)
  A juggernaut (Depths:2)
  Sojobo (Vaults:3)
  Saint Roka (Snake:2)
  Vashnia (Snake:2)
  A golden dragon (shapeshifter) (Elf:3)
  Nikola (Depths:2)
  A caustic shrike (Depths:2)
  Jory (Vaults:4)
  9 golden dragons
  A Tzitzimitl (Depths:1)
  3 liches
  10 Orb Guardians (Zot:5)
  Jorgrun (D:13)
  18 tentacled monstrosities
  7 titans
  2 deep elf master archers (Elf:2)
  2 deep elf blademasters (Elf:2)
  A quicksilver dragon (shapeshifter) (Elf:3)
  2 quicksilver dragons
  7 shadow dragons
  3 thorn hunters (Swamp:4)
  8 sphinxes
  A death cob (Zot:5)
  The ghost of kuzmorgo the Earth Mage, an adept DEWz of Vehumet (Elf:3)
  2 draconian monks
  Kirke (D:15)
  8 tengu reavers
  13 frost giants
  11 storm dragons
  8 nagarajas
  9 fire giants
  A ghost moth (Zot:5)
  16 vault wardens
  3 cacodemons (Depths:2)
  2 draconian scorchers (Depths:5)
  3 orc warlords
  2 iron dragons
  4 deep elf sorcerers
  A draconian knight (Zot:4)
  3 draconian shifters
  A draconian annihilator (Zot:3)
  5 spriggan defenders
  9 deep elf elementalists
  Aizul (Vaults:3)
  22 stone giants
  16 ironheart preservers
  2 war gargoyles
  4 black draconians
  43 very ugly things
  2 vampire knights
  4 entropy weavers
  A stone giant (shapeshifter) (Depths:2)
  Azrael (D:15)
  6 deep elf demonologists
  4 dire elephants (Lair:6)
  2 green draconians
  4 yellow draconians
  8 deep elf annihilators
  2 red draconians
  2 lorocyprocas
  2 spark wasps (Depths:2)
  The ghost of walterwhite the Devastator, a journeyman DECj of Vehumet (Swamp:1)
  4 white draconians
  19 ettins
  7 deep elf death magi
  6 purple draconians
  2 mummy priests (WizLab)
  A merfolk javelineer (Depths:1)
  3 jiangshi (Depths:1)
  Josephine (D:12)
  13 fire dragons
  9 great orbs of eyes
  16 ogre magi
  6 deep elf high priests
  A hell beast (Depths:1)
  11 yaktaur captains
  28 hydras
  35 vault guards
  7 ice dragons
  A catoblepas (D:14)
  5 spriggan air magi
  5 rakshasas
  15 naga warriors
  3 ghost crabs
  5 death knights
  17 anacondas
  43 two-headed ogres
  3 shambling mangroves
  The ghost of Odenyibo the Severer, a journeyman HOFi of Okawaru (D:12)
  6 alligators
  11 centaur warriors
  A queen ant (Lair:2)
  7 tengu warriors
  25 dancing weapons
  A queen ant (shapeshifter) (Elf:3)
  10 deep troll earth magi
  5 death yaks (Depths:4)
  9 deep troll shamans
  A titan zombie (WizLab)
  9 spriggan berserkers
  3 vampire magi
  An orc high priest (Orc:2)
  3 hell knights (Depths:4)
  2 storm dragon zombies (WizLab)
  6 shock serpents
  The ghost of Elizilla the Grappler, a novice TrMo of Okawaru (D:10)
  20 deep elf knights
  Urug (Lair:1)
  13 naga sharpshooters
  A shadow wraith (Vaults:4)
  7 sea snakes (Snake:4)
  A sixfirhy (Depths:4)
  4 iron trolls
  7 unseen horrors
  43 deep trolls
  4 salamander mystics
  A spriggan druid (Swamp:2)
  A skeletal warrior (Vaults:1)
  19 swamp dragons
  A swamp dragon (shapeshifter) (Elf:3)
  5 glowing orange brains
  A lindwurm (Lair:5)
  4 flayed ghosts
  A naga ritualist (Snake:4)
  14 deep elf archers
  18 ironbrand convokers
  9 wizards
  A shadow demon (Depths:1)
  3 necromancers (Depths:4)
  5 phantasmal warriors
  10 orc knights
  3 wolf spiders
  2 stone giant zombies (WizLab)
  A frost giant zombie (Depths:1)
  8 mana vipers
  6 orc sorcerers
  18 cyclopes
  69 deep elf magi
  A fire giant zombie (WizLab)
  74 ugly things
  3 manticores
  15 salamanders
  5 guardian serpents
  8 large abominations (Depths:5)
  2 ice statues (IceCv)
  11 vault sentinels
  A moth of wrath (shapeshifter) (Depths:1)
  9 elephants (Lair:6)
  33 black mambas
  A black mamba (shapeshifter) (Elf:3)
  A demonspawn zombie (WizLab)
  2 guardian serpents (shapeshifter)
  A smoke demon (Depths:3)
  13 moths of wrath
  A rust devil (Depths:1)
  19 spiny frogs
  A spiny frog (shapeshifter) (Depths:2)
  A gargoyle (D:15)
  4 orange demons
  19 naga magi
  A komodo dragon (shapeshifter) (Vaults:5)
  A water nymph (shapeshifter) (Elf:3)
  11 rime drakes
  4 komodo dragons
  6 tengu conjurers
  3 guardian mummies (WizLab)
  4 ice devils
  An efreet (D:13)
  5 freezing wraiths
  2 kobold demonologists
  42 yaktaurs
  A hellwing (Depths:3)
  4 red devils
  8 trolls
  13 tyrant leeches
  2 jumping spiders (Vaults:4)
  A jumping spider (shapeshifter) (Vaults:1)
  A polar bear (Lair:2)
  A queen bee (D:12)
  12 bog bodies
  A harpy skeleton (D:15)
  6 meliai
  A hornet (shapeshifter) (Vaults:4)
  18 hornets
  2 meliai (shapeshifter)
  37 slime creatures
  2 spriggan zombies (WizLab)
  A meliai zombie (D:15)
  A fire dragon zombie (WizLab)
  14 hippogriffs
  2 hippogriffs (shapeshifter)
  A snapping turtle (shapeshifter) (Elf:3)
  10 dream sheep
  A deep troll zombie (WizLab)
  A slime creature (shapeshifter) (Depths:2)
  A dream sheep (shapeshifter) (Depths:5)
  9 blink frogs
  A vampire (D:12)
  An air elemental (Elf:3)
  Sigmund (D:4)
  A ynoxinul (Depths:4)
  10 water elementals
  6 shadows
  3 redbacks
  12 spriggans
  75 yaks
  15 fire bats (D:10)
  4 basilisks
  10 wraiths
  2 wyverns (shapeshifter)
  12 wyverns
  A hog (shapeshifter) (Depths:2)
  22 humans
  A chaos spawn (Depths:5)
  The ghost of feta the Shield-Bearer, an amateur FoFi (D:3)
  Grum (D:8)
  7 fire elementals
  25 vampire mosquitoes
  7 hogs
  A hungry ghost (D:14)
  A steam dragon (D:6)
  75 nagas
  An acid dragon (D:12)
  A harpy simulacrum (Vaults:1)
  16 swamp worms
  21 insubstantial wisps
  6 wargs
  An acid dragon (shapeshifter) (Vaults:5)
  13 water moccasins
  22 soldier ants
  Duvessa (D:6)
  13 swamp drakes
  11 porcupines
  2 floating eyes
  7 hell hounds
  16 ice beasts
  A hornet zombie (D:12)
  44 orc warriors
  2 sky beasts
  16 wolves
  3 boggarts
  3 eyes of draining
  3 black bears (D:11)
  A black bear (shapeshifter) (Depths:2)
  22 ogres
  A tengu (shapeshifter) (Depths:3)
  4 phantoms
  22 centaurs
  An ogre (shapeshifter) (Vaults:3)
  2 necrophages
  A crocodile (shapeshifter) (Depths:2)
  13 crocodiles
  A yaktaur zombie (WizLab)
  4 big kobolds
  Blork the orc (D:5)
  18 bullfrogs
  An earth elemental (Elf:3)
  A gnoll sergeant (D:9)
  Dowan (D:6)
  A water moccasin zombie (D:8)
  4 scorpions
  16 killer bees (D:12)
  4 small abominations (Depths:5)
  An orc simulacrum (Vaults:1)
  10 wights
  An electric eel (Lair:4)
  A howler monkey (shapeshifter) (Depths:2)
  A howler monkey (D:9)
  A bullfrog zombie (D:5)
  6 centaur zombies
  11 crimson imps
  2 quasits
  A wyvern simulacrum (D:14)
  6 hounds
  A hound (shapeshifter) (Depths:2)
  4 jellies
  21 orc priests
  5 bullfrog skeletons
  38 orc wizards
  5 centaur skeletons
  2 iguanas
  29 worker ants
  A hound skeleton (D:11)
  4 gnolls (D:9)
  11 adders
  4 shadow imps
  2 oozes
  2 adder zombies
  2 worms (D:2)
  4 dart slugs (D:1)
  3 leopard geckos
  107 orcs
  2 ball pythons
  4 giant cockroaches
  7 goblins
  9 hobgoblins
  19 jackals
  3 quokkas
  A ball python (shapeshifter) (Depths:2)
  92 bats
  5 frilled lizards
  18 kobolds
  A leopard gecko skeleton (D:8)
  A quokka skeleton (D:4)
  A quokka zombie (D:10)
  5 rats
  A rat zombie (D:9)
  A briar patch (Swamp:4)
  2 butterflies (Depths:5)
  5 crawling corpses
  6 plants
2531 creatures vanquished.

Vanquished Creatures (collateral kills)
  3 nagarajas (Snake:4)
  A naga warrior (Snake:4)
  2 anacondas (Snake:4)
  A naga ritualist (Snake:4)
  A sea snake (Snake:4)
  A salamander (Snake:4)
  A black mamba (Snake:4)
  A naga mage (Snake:4)
  3 rime drakes (Lair:5)
  A hippogriff (Lair:5)
  A wyvern (Lair:5)
  6 nagas (Snake:4)
  A hell hound (Lair:5)
  A plant (Lair:5)
24 creatures vanquished.

Vanquished Creatures (others)
  A tengu reaver (Vaults:3)
  A frost giant (Vaults:5)
  A deep elf elementalist (Elf:2)
  A fire dragon (Depths:1)
  An anaconda (Snake:4)
  An alligator (Swamp:3)
  A spriggan berserker (Swamp:4)
  4 spriggans (Swamp:3)
  2 deep elf knights
  A deep elf mage (Elf:1)
  A salamander (Snake:1)
  An elephant (shapeshifter) (Elf:3)
  A spiny frog (Swamp:3)
  A yaktaur (Vaults:3)
  A freezing wraith (Vaults:5)
  A tyrant leech (Swamp:1)
  3 hornets (Swamp:3)
  2 humans (D:15)
  A swamp worm (Swamp:1)
  2 insubstantial wisps (Swamp:3)
  A floating eye (shapeshifter) (Elf:3)
  A swamp drake (Swamp:1)
  An ogre (Vaults:3)
  A boggart (Vaults:2)
  A bullfrog skeleton (D:13)
  An orc (D:3)
  A briar patch (Swamp:4)
  2 bushes
  4 fungi
  10 plants
51 creatures vanquished.

Grand Total: 2606 creatures vanquished

Notes
Turn   | Place    | Note
-------+----------+-------------------------------------------
     0 | D:1      | burekbajo the Deep Dwarf Fighter began the quest for the
                  | Orb.
     0 | D:1      | Reached XP level 1. HP: 20/20 MP: 1/1
    51 | D:1      | Reached XP level 2. HP: 25/27 MP: 2/2
   320 | D:1      | Reached XP level 3. HP: 22/34 MP: 3/3
  1089 | D:2      | Reached XP level 4. HP: 42/42 MP: 2/2
  1127 | D:2      | Reached skill level 4 in Shields
  1502 | D:3      | Reached XP level 5. HP: 32/49 MP: 2/2
  1519 | D:3      | Found a runed translucent gate.
  1520 | D:3      | Found a runed translucent gate.
  1521 | D:3      | Found a runed translucent gate.
  1521 | D:3      | Noticed feta's ghost (amateur FoFi)
  1537 | D:3      | Killed feta's ghost
  1537 | D:3      | Reached XP level 6. HP: 16/56 MP: 3/3
  1579 | D:3      | Reached skill level 5 in Axes
  1927 | D:3      | Found a shimmering altar of Xom.
  2148 | D:4      | Found a staircase to the Ecumenical Temple.
  2165 | Temple   | Entered the Ecumenical Temple
  2298 | D:4      | Found a basalt altar of Yredelemnul.
  2328 | D:4      | Found a white marble altar of Elyvilon.
  2376 | D:4      | Reached skill level 5 in Shields
  2538 | D:4      | Noticed Sigmund
  2554 | D:4      | Killed Sigmund
  2554 | D:4      | Reached XP level 7. HP: 34/63 MP: 4/4
  2646 | D:4      | Found a snail-covered altar of Cheibriados.
  2826 | D:4      | Found a stormy altar of Qazlal.
  2826 | D:4      | Found a burning altar of Makhleb.
  2830 | D:4      | Became a worshipper of Makhleb the Destroyer
  2858 | D:5      | Entered Level 5 of the Dungeon
  2946 | D:5      | Reached skill level 1 in Dodging
  3211 | D:5      | Reached skill level 5 in Armour
  3211 | D:5      | Reached skill level 6 in Shields
  3211 | D:5      | Reached XP level 8. HP: 63/72 MP: 5/5
  3384 | D:5      | Noticed Blork the orc
  3395 | D:5      | Killed Blork the orc
  3826 | D:6      | Reached * piety under Makhleb
  4031 | D:6      | Gained mutation: You passively map the area around you.
                  | [Deep Dwarf growth]
  4031 | D:6      | Reached XP level 9. HP: 79/79 MP: 6/6
  4513 | D:7      | Noticed a troll
  4535 | D:7      | Killed a troll
  4566 | D:7      | Noticed Duvessa
  4567 | D:7      | Noticed Dowan
  4593 | D:6      | Reached skill level 5 in Fighting
  4593 | D:6      | Reached skill level 7 in Shields
  4619 | D:6      | Killed Duvessa
  4620 | D:6      | Killed Dowan
  4620 | D:6      | Reached skill level 10 in Axes
  4727 | D:7      | Reached ** piety under Makhleb
  5025 | D:8      | Reached XP level 10. HP: 88/88 MP: 7/7
  5085 | D:8      | Found a stormy altar of Qazlal.
  5333 | D:8      | Reached skill level 8 in Shields
  5389 | D:8      | Noticed Grum
  5406 | D:8      | Killed Grum
  5709 | D:9      | Found a staircase to the Orcish Mines.
  5734 | D:9      | Found a hazy altar of Hepliaklqana.
  5850 | D:9      | Noticed a two-headed ogre
  5868 | D:9      | Killed a two-headed ogre
  6015 | D:9      | Reached *** piety under Makhleb
  6242 | D:9      | Found a shattered altar of Ashenzari.
  6579 | D:9      | Found an ancient bone altar of Kikubaaqudgha.
  6614 | D:10     | Entered Level 10 of the Dungeon
  6747 | D:10     | Killed an unseen horror
  6805 | D:10     | Reached skill level 9 in Shields
  7120 | D:10     | Found a runed translucent door.
  7124 | D:10     | Found a snail-covered altar of Cheibriados.
  7142 | D:10     | Found a sacrificial altar of Ru.
  7157 | D:10     | Reached XP level 11. HP: 99/99 MP: 7/7
  7171 | D:10     | Found a glowing golden altar of the Shining One.
  7219 | D:10     | Found a hazy altar of Hepliaklqana.
  7221 | D:10     | Reached **** piety under Makhleb
  7385 | D:10     | Found a snail-covered altar of Cheibriados.
  7414 | D:10     | Reached ***** piety under Makhleb
  7431 | D:10     | Found a snail-covered altar of Cheibriados.
  7582 | D:10     | Noticed a two-headed ogre
  7588 | D:10     | Killed a two-headed ogre
  7787 | D:10     | Found a runed translucent gate.
  7795 | D:10     | Found a runed translucent gate.
  7795 | D:10     | Found a runed translucent gate.
  7795 | D:10     | Noticed Elizilla's ghost (novice TrMo)
  7796 | D:10     | Identified the +6 chain mail "Gasyd" {rPois rF+ Dex+7}
  7798 | D:10     | Found a roughly hewn altar of Beogh.
  7917 | D:10     | Killed Elizilla's ghost
  8123 | D:10     | Noticed a flayed ghost
  8204 | D:11     | Reached skill level 10 in Shields
  8359 | D:11     | Noticed a two-headed ogre
  8366 | D:11     | Killed a two-headed ogre
  8459 | D:11     | Found a staircase to the Lair.
  8538 | D:11     | Reached XP level 12. HP: 108/109 MP: 8/8
  9028 | D:11     | Reached ****** piety under Makhleb
  9049 | D:11     | Found a blossoming altar of Fedhas.
  9068 | D:11     | Reached skill level 10 in Armour
  9245 | D:11     | Noticed a four-headed hydra
  9259 | D:11     | Killed a four-headed hydra
  9512 | D:12     | Noticed Odenyibo's ghost (journeyman HOFi)
  9520 | D:12     | Found a runed translucent door.
  9583 | D:12     | Killed Odenyibo's ghost
  9583 | D:12     | Reached skill level 1 in Maces & Flails
  9624 | D:12     | Reached skill level 11 in Shields
  9715 | D:12     | You fall into a shaft and drop 1 floor!
  9716 | D:13     | Noticed a two-headed ogre
  9721 | D:13     | Killed a two-headed ogre
  9721 | D:13     | Reached skill level 15 in Axes
  9974 | D:13     | Got a faintly glowing helmet
  9985 | D:13     | Identified the +1 helmet of Siriloan {Dex+6 Slay+2} (You
                  | found it on level 13 of the Dungeon)
 10180 | D:13     | Noticed Jorgrun
 10203 | D:13     | Killed Jorgrun
 10203 | D:13     | Reached XP level 13. HP: 120/120 MP: 8/8
 10795 | D:14     | Reached skill level 12 in Shields
 11768 | D:14     | Found a gate to the Vaults.
 11803 | D:14     | Gained mutation: You resist negative energy. (rN+) [Deep
                  | Dwarf growth]
 11803 | D:14     | Reached XP level 14. HP: 130/130 MP: 9/9
 12031 | D:15     | Entered Level 15 of the Dungeon
 12054 | D:15     | Reached skill level 13 in Shields
 12161 | D:15     | Reached skill level 10 in Fighting
 12189 | D:15     | Noticed Kirke
 12216 | D:15     | Killed Kirke
 12217 | D:15     | Found a frozen archway.
 12228 | IceCv    | Entered an ice cave
 12953 | D:15     | Noticed Azrael
 12984 | D:15     | Killed Azrael
 13078 | D:15     | Reached skill level 14 in Shields
 13603 | D:15     | Reached skill level 5 in Maces & Flails
 13608 | D:15     | Found a staircase to the Depths.
 13641 | Depths:1 | Entered Level 1 of the Depths
 14012 | D:12     | Reached skill level 5 in Dodging
 14166 | D:12     | Reached XP level 15. HP: 140/140 MP: 6/6
 14497 | D:12     | Noticed Josephine
 14507 | D:12     | Killed Josephine
 14967 | Lair:1   | Entered Level 1 of the Lair of Beasts
 15114 | Lair:1   | Found a snail-covered altar of Cheibriados.
 15150 | Lair:1   | Noticed Urug
 15158 | Lair:1   | Killed Urug
 15881 | Lair:2   | Found a staircase to the Snake Pit.
 16580 | Lair:3   | Reached skill level 15 in Shields
 17493 | Lair:4   | Found a radiant altar of Vehumet.
 18048 | Lair:4   | Found a staircase to the Swamp.
 18862 | Lair:5   | Found a staircase to the Slime Pits.
 19145 | Lair:6   | Entered Level 6 of the Lair of Beasts
 19402 | Lair:6   | Reached XP level 16. HP: 151/151 MP: 6/6
 20133 | Lair:6   | Reached skill level 16 in Shields
 20711 | Snake:1  | Entered Level 1 of the Snake Pit
 20764 | Snake:1  | Reached skill level 10 in Maces & Flails
 21836 | Snake:2  | Noticed Vashnia
 21910 | Snake:2  | Killed Vashnia
 21910 | Snake:2  | Reached skill level 17 in Shields
 22018 | Snake:2  | Noticed Saint Roka
 22102 | Snake:2  | Killed Saint Roka
 22325 | Snake:2  | Reached XP level 17. HP: 159/159 MP: 6/6
 22703 | Snake:3  | Noticed Mara
 22724 | Snake:3  | Noticed burekbajo's illusion
 22808 | Snake:3  | Noticed burekbajo's illusion
 22822 | Snake:3  | Killed Mara
 23265 | Snake:3  | Found Palumner's Food Shoppe.
 23265 | Snake:3  | Found Zithrat's Weapon Emporium.
 23266 | Snake:3  | Found Ynnug's Jewellery Shoppe.
 23268 | Snake:3  | Found Oferoc's General Store.
 23275 | Snake:3  | Got a smoking bardiche
 23276 | Snake:3  | Identified the +8 bardiche of the Crushed Demons {speed,
                  | rElec} (You found it on level 3 of the Snake Pit)
 23308 | Snake:3  | Bought a scroll of enchant armour for 97 gold pieces
 24004 | Snake:4  | Entered Level 4 of the Snake Pit
 24076 | Snake:4  | Reached skill level 18 in Shields
 24264 | Snake:4  | Gained mutation: You passively map a large area around you.
                  | [Deep Dwarf growth]
 24264 | Snake:4  | Reached XP level 18. HP: 171/171 MP: 7/7
 25014 | Snake:4  | Got a serpentine rune of Zot
 25972 | Orc:1    | Entered Level 1 of the Orcish Mines
 25987 | Orc:1    | Reached skill level 19 in Shields
 26346 | Orc:2    | Entered Level 2 of the Orcish Mines
 26371 | Orc:2    | Found a staircase to the Elven Halls.
 26455 | Orc:2    | Found a roughly hewn altar of Beogh.
 26463 | Orc:2    | Found Poef's Antique Armour Emporium.
 26586 | Orc:2    | Found a roughly hewn altar of Beogh.
 26616 | Orc:2    | Found Qidd's General Store.
 26712 | Orc:2    | Bought a potion of might for 44 gold pieces
 26720 | Orc:2    | Found Gathrigiu's Antique Armour Emporium.
 26789 | Orc:2    | Found Nyposam's Antique Weapon Emporium.
 26817 | Orc:2    | Found Yddicim's Book Emporium.
 27089 | Elf:1    | Entered Level 1 of the Elven Halls
 27116 | Elf:1    | Found a radiant altar of Vehumet.
 27201 | Elf:1    | Found Bymodap's Gadget Boutique.
 27328 | Elf:1    | Found a shimmering altar of Xom.
 27491 | Elf:1    | Identified the Incunabulum of Companions
 27648 | Elf:1    | Found Viadoph's Food Boutique.
 28310 | Elf:2    | Found a runed translucent gate.
 28310 | Elf:2    | Found a runed translucent gate.
 28311 | Elf:2    | Found a runed translucent gate.
 28351 | Elf:2    | Reached skill level 1 in Polearms
 29124 | Elf:3    | Entered Level 3 of the Elven Halls
 29162 | Elf:3    | Found a transporter.
 29284 | Elf:3    | Found a transporter.
 29287 | Elf:3    | Noticed kuzmorgo's ghost (adept DEWz)
 29424 | Elf:3    | Reached XP level 19. HP: 182/182 MP: 6/6
 29537 | Elf:3    | Reached skill level 20 in Shields
 29777 | Elf:3    | Found a flickering gateway to a bazaar.
 29796 | Bazaar   | Entered a bazaar
 29798 | Bazaar   | Found Faolitoy's Food Boutique.
 29802 | Bazaar   | Found Satoduiph's Magic Scroll Boutique.
 29802 | Bazaar   | Found Jaogeth's Magic Scroll Boutique.
 29803 | Bazaar   | Found Isig Tynnapu's General Store.
 29808 | Bazaar   | Bought a potion of haste for 160 gold pieces
 29813 | Bazaar   | Bought a scroll of enchant armour for 82 gold pieces
 29813 | Bazaar   | Bought a scroll of enchant weapon for 82 gold pieces
 29818 | Bazaar   | Bought a scroll of summoning for 76 gold pieces
 29881 | Elf:3    | Noticed a caustic shrike
 29881 | Elf:3    | an iron dragon changed into a caustic shrike
 29930 | Elf:3    | Noticed a Tzitzimitl
 30525 | Elf:3    | Noticed a Brimstone Fiend
 30832 | Elf:3    | Identified the Tome of Fetching Unholy Rituals
 30870 | Elf:3    | Identified the Papyrus of the Flying Rocks
 31458 | Elf:3    | Killed kuzmorgo's ghost
 31478 | Elf:3    | Noticed a caustic shrike
 31478 | Elf:3    | a quicksilver dragon changed into a caustic shrike
 31480 | Elf:3    | a caustic shrike changed into an acid blob
 31481 | Elf:3    | Noticed an iron giant
 31481 | Elf:3    | an acid blob changed into an iron giant
 31482 | Elf:3    | Noticed a caustic shrike
 31482 | Elf:3    | an iron giant changed into a caustic shrike
 31484 | Elf:3    | Noticed a golden dragon
 31484 | Elf:3    | a caustic shrike changed into a golden dragon
 31495 | Elf:3    | a golden dragon changed into an iron dragon
 31499 | Elf:3    | Noticed a golden dragon
 31499 | Elf:3    | an iron dragon changed into a golden dragon
 31511 | Elf:3    | Killed a golden dragon
 31563 | Elf:3    | Got a slimy helmet
 31574 | Elf:3    | Identified the +2 helmet "Ronlah Ria" {rCorr} (You found it
                  | on level 3 of the Elven Halls)
 32135 | Swamp:1  | Entered Level 1 of the Swamp
 32452 | Swamp:1  | Reached skill level 21 in Shields
 32831 | Swamp:1  | Found a runed translucent gate.
 32831 | Swamp:1  | Found a runed translucent gate.
 32831 | Swamp:1  | Found a runed translucent gate.
 32831 | Swamp:1  | Noticed walterwhite's ghost (journeyman DECj)
 32858 | Swamp:1  | Reached XP level 20. HP: 181/193 MP: 5/5
 32864 | Swamp:1  | Killed walterwhite's ghost
 33192 | Swamp:2  | Reached skill level 15 in Fighting
 33347 | Swamp:2  | Found a glowing silver altar of Zin.
 34738 | Swamp:4  | Entered Level 4 of the Swamp
 35623 | Swamp:4  | Got a decaying rune of Zot
 36513 | Vaults:1 | Entered Level 1 of the Vaults
 36593 | Vaults:1 | Found Pocwon's Armour Boutique.
 37297 | Vaults:1 | Reached skill level 22 in Shields
 37771 | Vaults:2 | Reached XP level 21. HP: 204/204 MP: 5/5
 37798 | Vaults:2 | Found Fehoejiril's Antique Weapon Boutique.
 39348 | Vaults:3 | Noticed Aizul
 39373 | Vaults:3 | Killed Aizul
 39506 | Vaults:3 | Reached skill level 15 in Armour
 40283 | Vaults:3 | Found a staircase to the Crypt.
 40807 | Vaults:3 | Noticed Sojobo
 41058 | Vaults:4 | Reached skill level 23 in Shields
 41192 | Vaults:4 | Found a magical portal.
 41421 | WizLab   | Noticed an ancient lich
 41445 | WizLab   | Killed an ancient lich
 41445 | WizLab   | Reached XP level 22. HP: 199/216 MP: 4/4
 42139 | Vaults:4 | Got a brightly glowing large shield
 42150 | Vaults:4 | Identified the +13 large shield of Veomeuc {-Tele Int+8}
                  | (You found it on level 4 of the Vaults)
 42279 | Vaults:4 | Reached skill level 10 in Dodging
 42287 | Vaults:4 | Noticed an ancient lich
 42329 | Vaults:4 | Killed an ancient lich
 42854 | Vaults:5 | Entered Level 5 of the Vaults
 42893 | Vaults:5 | Noticed a golden dragon
 42914 | Vaults:5 | Noticed Jory
 43126 | Vaults:5 | Killed a golden dragon
 43176 | Vaults:5 | Reached skill level 24 in Shields
 43279 | Vaults:4 | Killed Jory
 43302 | Vaults:5 | Identified the ring "Ummowk" {rN+ Stlth+}
 43335 | Vaults:5 | Reached XP level 23. HP: 110/225 MP: 3/3
 43602 | Vaults:5 | Identified the ring "Koca" {*Tele rElec rN+ Slay-2}
 43727 | Vaults:5 | Got a pitted broad axe
 43728 | Vaults:5 | Identified the +11 broad axe of Youthful Indiscretion
                  | {venom, +Rage rElec MR+ Str+3} (You found it on level 5 of
                  | the Vaults)
 43903 | Vaults:5 | Identified the +1 robe of Valour {rC+ Str+4 Int+2}
 43904 | Vaults:5 | Noticed an ancient lich
 43905 | Vaults:5 | Identified the ring "Viosm" {rN+ Str+2}
 43921 | Vaults:5 | Killed an ancient lich
 43968 | Vaults:5 | Reached skill level 25 in Shields
 44276 | Vaults:5 | Got a bound copper amulet
 44277 | Vaults:5 | Identified the amulet of Coelaxking {RegenMP rC- Str+4
                  | Stlth+} (You found it on level 5 of the Vaults)
 44284 | Vaults:5 | Identified The Advanced Guide to Secret Knowledge
 44291 | Vaults:5 | Got a silver rune of Zot
 44487 | Vaults:5 | Identified the Tome of Self-Improvement and the Snowflakes
 45046 | Vaults:3 | Killed Sojobo
 45627 | Depths:1 | Reached skill level 1 in Evocations
 45659 | Depths:1 | Found a gateway to Hell.
 45684 | Depths:1 | Found Pexit's General Store.
 45744 | Depths:1 | Found a runed translucent gate.
 45744 | Depths:1 | Found a runed translucent gate.
 45744 | Depths:1 | Found a runed translucent gate.
 45744 | Depths:1 | Identified the ring of the Pharaoh's Fist {+Blink +Fly
                  | rElec rPois rC-}
 45746 | Depths:1 | Noticed Eliodgh's ghost (legendary TrMo)
 45845 | Depths:1 | Killed Eliodgh's ghost
 45845 | Depths:1 | Reached XP level 24. HP: 222/238 MP: 3/3
 45973 | Depths:1 | Found a one-way gate leading to the halls of Pandemonium.
 46061 | Depths:1 | Found Baajey Kenki's Antique Armour Shoppe.
 46102 | Depths:1 | Bought a pair of embroidered gloves for 330 gold pieces
 46168 | Depths:1 | Found Heoviode's Jewellery Shoppe.
 46179 | Depths:1 | Found Ussiaha's Weapon Shop.
 46271 | Depths:1 | Found Buduzonk's Armour Shoppe.
 46721 | Depths:1 | Bought a scroll of acquirement for 1196 gold pieces
 46749 | Depths:1 | Found the +3 crown of Dyrovepreva {rElec Int+2 SInv}
 46902 | Depths:2 | Noticed a juggernaut
 46922 | Depths:2 | Killed a juggernaut
 46994 | Depths:2 | Reached skill level 26 in Shields
 47049 | Depths:2 | Found a runed translucent door.
 47058 | Depths:2 | Noticed Nikola
 47097 | Depths:2 | Killed Nikola
 47453 | Depths:2 | Found a runed translucent gate.
 47453 | Depths:2 | Found a runed translucent gate.
 47453 | Depths:2 | Found a runed translucent gate.
 47582 | Depths:2 | Found a runed translucent gate.
 47582 | Depths:2 | Found a runed translucent gate.
 47587 | Depths:2 | Noticed Depecis's ghost (legendary TrMo)
 47589 | Depths:2 | Found a runed translucent gate.
 47600 | Depths:2 | Gained mutation: You are frail. (-10% HP) [a cacodemon]
 47741 | Depths:2 | Killed Depecis's ghost
 47769 | Depths:2 | Got a faintly humming cloak
 48029 | Depths:2 | Identified the cursed +0 cloak of Woddosang {rC+ Dex+3}
                  | (You found it on level 2 of the Depths)
 48234 | Depths:2 | Found Raloy's Distillery.
 48263 | Depths:2 | Bought a potion of heal wounds for 55 gold pieces
 48263 | Depths:2 | Bought a potion of curing for 33 gold pieces
 48263 | Depths:2 | Bought a potion of curing for 33 gold pieces
 48263 | Depths:2 | Bought a potion of curing for 33 gold pieces
 48263 | Depths:2 | Bought a potion of heal wounds for 55 gold pieces
 48263 | Depths:2 | Bought 2 potions of curing for 66 gold pieces
 48263 | Depths:2 | Bought a potion of heal wounds for 55 gold pieces
 48401 | Depths:2 | Reached XP level 25. HP: 223/223 MP: 2/2
 49117 | Depths:3 | Reached skill level 27 in Shields
 49669 | Depths:4 | Reached skill level 1 in Slings
 49669 | Depths:4 | Reached skill level 1 in Throwing
 49669 | Depths:4 | Reached skill level 1 in Unarmed Combat
 49669 | Depths:4 | Reached skill level 1 in Invocations
 49669 | Depths:4 | Reached XP level 26. HP: 233/233 MP: 2/3
 50894 | Depths:4 | Found a one-way gate to the infinite horrors of the Abyss.
 50913 | Depths:4 | Reached XP level 27. HP: 243/243 MP: 3/3
 51238 | Depths:5 | Entered Level 5 of the Depths
 51238 | Depths:5 | Found a gateway to a ziggurat.
 51247 | Depths:5 | Paralysed by a floating eye for 2 turns
 51658 | Depths:5 | Paralysed by a floating eye for 3 turns
 51958 | Depths:5 | Found a gate to the Realm of Zot.
 52051 | Zot:1    | Entered Level 1 of the Realm of Zot
 52307 | Zot:2    | Noticed an orb of fire
 52313 | Zot:2    | Gained mutation: You are clumsy. (Dex -2) [an orb of fire]
 52319 | Zot:2    | Gained mutation: You are weak. (Str -2) [an orb of fire]
 52322 | Zot:2    | Gained mutation: You are very frail. (-20% HP) [an orb of
                  | fire]
 52327 | Zot:2    | Gained mutation: Armour fits poorly on your strangely
                  | shaped body. [an orb of fire]
 52332 | Zot:2    | Killed an orb of fire
 52821 | Zot:5    | Entered Level 5 of the Realm of Zot
 53062 | Zot:5    | Noticed an ancient lich
 53069 | Zot:5    | Noticed an orb of fire
 53071 | Zot:5    | Noticed an orb of fire
 53071 | Zot:5    | Gained mutation: You are occasionally teleported next to
                  | monsters. [an orb of fire]
 53085 | Zot:5    | Gained mutation: Your magical capacity is low. (-10% MP)
                  | [an orb of fire]
 53087 | Zot:5    | Gained mutation: You are very clumsy. (Dex -4) [an orb of
                  | fire]
 53089 | Zot:5    | Gained mutation: You are extremely frail. (-30% HP) [an orb
                  | of fire]
 53091 | Zot:5    | Gained mutation: Your body sometimes deteriorates upon
                  | taking damage. [an orb of fire]
 53098 | Zot:5    | Gained mutation: Your flesh is heat resistant. (rF+) [an
                  | orb of fire]
 53101 | Zot:5    | Gained mutation: Your spells are a little easier to cast,
                  | but a little less powerful. [an orb of fire]
 53101 | Zot:5    | Killed from afar by an ancient lich

Levels and vault maps discovered:
D:1:      dpeg_arrival_line_fractal, layout_basic, minmay_misc_feat_x
D:2:      layout_rooms
D:3:      layout_loops_cross, xom_butterflies, ebering_ghost_rock_garden
D:4:      layout_loops_ring, lemuel_round_altar, kennysheep_mini,
          cheibriados_altar_1, gammafunk_temple_overflow_elements,
          minmay_temple_entry_large_hall, first_ration, uniq_sigmund
D:5:      layout_basic, uniq_blork_the_orc
D:6:      layout_basic
D:7:      layout_cave_pools, grunt_livestock, uniq_duvessa
D:8:      layout_loops_ring, nicolae_qazlal_style_of_elements, uniq_grum
D:9:      layout_long_grid, lemuel_zombie_altar_kikubaaqudgha,
          kennysheep_little_box, evilmike_ruin_ashenzari, minmay_puff
D:10:     due_megacathedral, layout_basic, biasface_ghost_orc_armoury,
          chequers_mini_garden
D:11:     layout_stronghold, minmay_lair_entry_grove, gauntlet_entry_generic,
          basic_altar, lightli_fourway_metalbox
D:12:     layout_long_grid, special_room [special_room_bee],
          hellmonk_ghost_happy_afterlife, uniq_josephine
D:13:     layout_loops_ring, uniq_jorgrun
D:14:     layout_long_grid, grunt_vaults_entry_tiered,
          minmay_misc_feat_nine_boxes
D:15:     grunt_enter_depths_hoard, layout_loops_ring,
          portal_ice_cave_entry_pillars_1, minmay_circle_x, uniq_kirke,
          uniq_azrael
Temple:   nicolae_temple_god_jail
Lair:1:   layout_chaotic_city, basic_altar, infiniplex_staircase_pool_2,
          lemuel_fruit_fields, uniq_urug
Lair:2:   layout_chaotic_city, minmay_snake_entry_guardpost_small, minivault_29,
          serial_bayou_shore_b, lemuel_fruit_fields, serial_bayou_shore_a
Lair:3:   layout_hall_layers
Lair:4:   layout_cave_pods, nicolae_swamp_entry_splash_gauntlet, basic_altar,
          bh_chokoban
Lair:5:   layout_roguey [special_room_mythical_zoo], dpeg_slime_entry_corner,
          serial_bayou_shore_b, grunt_megastairs_1
Lair:6:   due_jungle_book, layout_gridlike, st_stairs_10, serial_bayou_pond_c
Swamp:1:  layout_falls_marsh, gammafunk_ghost_hydra_chop,
          evilmike_swamp_ruin_wall
Swamp:2:  layout_falls_marsh, lemuel_altar_in_water, st_swamp_mini
Swamp:3:  layout_basic_swamp, hangedman_swamp_pad, swamp_pool1, grunt_hermit_hut
Swamp:4:  swamp_basic_johnstein, layout_basic_swamp, swamp_pool3, kb_tengu_band
Snake:1:  layout_onion, hangedman_snake_corridor_split
Snake:2:  layout_basic, uniq_saint_roka, uniq_vashnia
Snake:3:  layout_layer_cave, minmay_shoptagon, uniq_mara
Snake:4:  grunt_snake_rune_pools, layout_cave_town
Orc:1:    layout_caves
Orc:2:    grunt_orc_cross, layout_diamond_mine, basic_altar, serial_shops,
          nicolae_shop_competitors_out_of_business
Elf:1:    eino_elf_arrival_altar, layout_loops_ring, serial_shops,
          shop_fountains, shop, minmay_elf_demonology, lemuel_statue_altar
Elf:2:    layout_loops_ring
Elf:3:    elf_hall, layout_gridlike, serial_shops, bzr_entry_water,
          gammafunk_ghost_berserking_beasts, drop_trap, st_stairs_7
Vaults:1: st_cross, hangedman_vaults_maws, grunt_vaults_focal,
          hangedman_vaults_stretched_pinwheel, ontoclasm_vaults_spin,
          ontoclasm_vaults_ligature, vaults_room_pool, layout_vaults_big_room,
          serial_shops, shop
Vaults:2: vaults_mumra_lcd, vaults_room_corners,
          vaults_standard_mumra_enter_the_diamond, vaults_room_fancy_cross,
          vaults_room_stairs_pillars, nicolae_vaults_little_squares_4,
          layout_vaults_quadrants, serial_shops, shop
Vaults:3: v_rooms_2, ontoclasm_vaults_claustrophobia,
          nicolae_vaults_sealed_display, v_rooms_4, v_alt_pattern_3,
          blue_anna_dwarven_crypt, v_misc_28, nicolae_vaults_network_barrier,
          nicolae_vaults_circle_grid_b, nicolae_vaults_three_branches,
          nicolae_vaults_c_with_doors, v_misc_22, ontoclasm_vaults_gateway,
          ontoclasm_vaults_loading_screen, layout_vaults_omnicross, uniq_aizul,
          uniq_sojobo
Vaults:4: v_rooms_5, vaults_room_octagon, nicolae_vaults_big_ls,
          dpeg_vaults_waves, nicolae_vaults_little_squares_2,
          nicolae_vaults_network_square, layout_vaults_omnibox,
          mu_enter_wizlab_1
Vaults:5: serial_shops, uniq_jory
Depths:1: layout_gridville, grunt_mini_vestibule, serial_shops,
          nicolae_shop_waterfront, nicolae_shop_temple_entry_statues_fountains,
          shop, shop, nicolae_shop_behind_doors, biasface_ghost_demon_polymorph,
          grunt_decor_arrowhead, pan_entry, serial_sigils_hangedman_scar,
          serial_sigils_hangedman_stare, hangedman_decor_slide_cut,
          abandoned_shop, lemuel_freeze_loot_1, serial_bayou_shore_b
Depths:2: minmay_the_grid_four_pointed_star_mashed
          [minmay_the_grid_triangle_9x9_stretched_checkered,
          minmay_the_grid_triangle_9x9_warning,
          minmay_the_grid_triangle_9x9_flanged_cone,
          minmay_the_grid_triangle_9x9_subtriangle,
          minmay_the_grid_prize_inner_circle], layout_gridlike,
          ploomutoo_gammafunk_ghost_potion_laboratory, minmay_misc_feat_encased,
          serial_shops, shop, hell_entry, uniq_nikola
Depths:3: minmay_inside_and_out, layout_long_grid, hellmouth_1, pan_entry,
          dispersion_dpeg
Depths:4: lemuel_castle_with_subvaults [lemuel_castle_interior_original],
          layout_basic, chequers_serial_rivers_micro_b, rand_demon_pan_entry_7,
          hangedman_coc_ice_floe, abyss_entry_crystal, grunt_ministairs_10,
          minmay_misc_feat_four_crosses, eino_small_chamber_without_monster,
          infiniplex_staircase_zigzag_4
Depths:5: evilmike_zot_entry_round, layout_basic, enter_ziggurat_e,
          minmay_room_of_horrors, grunt_decor_cap, pf_dread_powers_of_hell,
          hangedman_glass_garden, serial_bayou_shore_b
Zot:1:    layout_twisted_circle, ebering_ghost_reflecting_pool,
          grunt_ministairs_2
Zot:2:    minmay_elemental_castle, layout_onion, lemuel_lich_library
Zot:3:    layout_onion_interference, skrybe_zot_glass_2, grunt_megastairs_4
Zot:4:    layout_onion_interference, st_small_dragon_hoard_2
Zot:5:    layout_concentric_octagons

Skill      XL: |  1  2  3  4  5  6  7  8  9 10 11 12 13 14 15 16 17 18 19 20 21 22 23 24 25 26 27 |
---------------+----------------------------------------------------------------------------------+-----
Fighting       | 3 4 5 6 7 8 9 10 11 12 13 14 15 16 17 18 19 20 21 | 21.8
Armour         | 4 5 6 7 8 9 10 11 12 13 14 15 16 17 18 | 18.2
Axes           | 3 4 6 7 9 11 12 13 15 16 17 18 19 20 21 22 23 24 25 | 25.4
Shields        | 4 5 6 7 9 10 11 12 14 15 17 18 19 21 22 23 24 25 26 27 | 27.0
Dodging        | 1 2 3 4 5 6 7 8 9 10 | 10.7
Maces & Flails | 1 4 5 9 10 11 12 | 12.0
Polearms       | 3 |  3.5
Evocations     | 1 |  1.8
Slings         | 1 |  1.9
Throwing       | 1 |  1.0
Unarmed Combat | 1 |  1.0
Invocations    | 1 |  1.3

Action                   |  1- 3 |  4- 6 |  7- 9 | 10-12 | 13-15 | 16-18 | 19-21 | 22-24 | 25-27 || total
-------------------------+-------+-------+-------+-------+-------+-------+-------+-------+-------++-------
Melee: War axe           |   105 |   216 |   378 |  1109 |   827 |  2006 |  2215 |  1268 |   899 ||  9023
       Morningstar       |       |       |       |    26 |   957 |   253 |   660 |       |       ||  1896
       Bardiche          |       |       |       |       |       |    62 |       |       |       ||    62
       Broad axe         |       |       |       |       |       |       |       |   584 |   533 ||  1117
 Abil: Heal Wounds       |     2 |     2 |     3 |     8 |    20 |    10 |    15 |    16 |     1 ||    77
       Stop Flying       |       |       |       |     1 |       |       |     1 |       |       ||     2
       Evoke Flight      |       |       |       |       |       |       |     1 |       |       ||     1
Evoke: Wand              |       |       |       |     1 |     1 |     2 |     1 |       |       ||     5
       Box of beasts     |       |       |       |       |       |       |     1 |     1 |       ||     2
       Sack of spiders   |       |       |       |       |       |       |       |     5 |       ||     5
  Use: Scroll            |     5 |     3 |       |     1 |     9 |     8 |    20 |    14 |     8 ||    68
       Potion            |       |     1 |       |       |     1 |     1 |    12 |    20 |     9 ||    44
 Stab: Distracted        |       |       |       |       |     1 |     5 |     1 |     1 |       ||     8
       Confused          |       |       |       |       |       |       |    11 |       |       ||    11
  Eat: Chunk             |     1 |     2 |     1 |     5 |     9 |     3 |     4 |     1 |       ||    26
       Ration            |       |     2 |     1 |     4 |     7 |    10 |    12 |     8 |     4 ||    48
Armor: Scale mail        |    47 |       |       |       |       |       |       |       |       ||    47
       Plate armour      |     2 |   135 |   237 |   305 |       |       |       |       |       ||   679
       Chain mail        |       |       |       |   329 |   852 |   695 |  1002 |   200 |       ||  3078
       Gold dragon scale |       |       |       |       |       |       |       |   246 |   490 ||   736
Dodge: Dodged            |    42 |    64 |    89 |   296 |   646 |   680 |  1007 |   373 |   327 ||  3524
Block: Shield            |    53 |   125 |   215 |   733 |   390 |       |       |       |       ||  1516
       Large shield      |       |       |       |       |  1564 |  2361 |  3106 |  2543 |  2229 || 11803

Table legend:
 A = Non-vault XP
 B = Vault XP
 C = Vault XP percentage of total XP
 D = Non-vault monster count
 E = Vault monster count
 F = Vault count percentage of total count
                 A         B        C        D         E       F
            +---------+---------+-------+---------+---------+-------
      Total |  776503 |  733265 |  48.6 |    1684 |     873 |  34.1
            +---------+---------+-------+---------+---------+-------
        D:1 |      71 |       0 |   0.0 |      31 |       0 |   0.0
        D:2 |      91 |       0 |   0.0 |      26 |       0 |   0.0
        D:3 |     136 |     187 |  57.9 |      23 |       1 |   4.2
        D:4 |     201 |     223 |  52.6 |      12 |       1 |   7.7
        D:5 |     738 |      96 |  11.5 |      22 |       1 |   4.3
        D:6 |    1286 |     231 |  15.2 |      23 |       2 |   8.0
        D:7 |    1032 |     965 |  48.3 |      22 |       5 |  18.5
        D:8 |     579 |     428 |  42.5 |      12 |       3 |  20.0
        D:9 |    1835 |     382 |  17.2 |      18 |       4 |  18.2
       D:10 |    6242 |    3041 |  32.8 |     118 |      19 |  13.9
       D:11 |    9245 |    2157 |  18.9 |      64 |      17 |  21.0
       D:12 |    7759 |    4819 |  38.3 |      41 |      25 |  37.9
       D:13 |   11577 |    2877 |  19.9 |      55 |       1 |   1.8
       D:14 |   12899 |    6500 |  33.5 |      52 |      25 |  32.5
       D:15 |   17285 |    9669 |  35.9 |      39 |      20 |  33.9
     Lair:1 |    8074 |     804 |   9.1 |      39 |       1 |   2.5
     Lair:2 |    5057 |    5032 |  49.9 |      23 |      42 |  64.6
     Lair:3 |    4694 |       0 |   0.0 |      17 |       0 |   0.0
     Lair:4 |    2467 |    1276 |  34.1 |       7 |       6 |  46.2
     Lair:5 |    7602 |    7740 |  50.4 |      28 |      28 |  50.0
     Lair:6 |   12398 |    4012 |  24.4 |      31 |       7 |  18.4
    Swamp:1 |   14344 |    7269 |  33.6 |      51 |       8 |  13.6
    Swamp:2 |    7489 |    2151 |  22.3 |      19 |       3 |  13.6
    Swamp:3 |   14305 |     751 |   5.0 |      43 |       1 |   2.3
    Swamp:4 |   16691 |   20905 |  55.6 |      31 |      32 |  50.8
    Snake:1 |   19807 |    5876 |  22.9 |      54 |      14 |  20.6
    Snake:2 |   11773 |   13858 |  54.1 |      25 |      15 |  37.5
    Snake:3 |   18145 |    7944 |  30.4 |      33 |       1 |   2.9
    Snake:4 |   30029 |   34600 |  53.5 |      53 |      56 |  51.4
      Orc:1 |    4759 |       0 |   0.0 |      33 |       0 |   0.0
      Orc:2 |    1468 |    7791 |  84.1 |      31 |      33 |  51.6
      Elf:1 |   10185 |    8624 |  45.9 |      17 |      14 |  45.2
      Elf:2 |    9439 |   54329 |  85.2 |      18 |      49 |  73.1
      Elf:3 |   28800 |   24046 |  45.5 |      44 |      24 |  35.3
   Vaults:1 |   33141 |    6368 |  16.1 |      56 |      12 |  17.6
   Vaults:2 |   29358 |    3069 |   9.5 |      46 |       6 |  11.5
   Vaults:3 |   40908 |   37202 |  47.6 |      51 |      51 |  50.0
   Vaults:4 |   19430 |   50783 |  72.3 |      32 |      34 |  51.5
   Vaults:5 |   46044 |  138490 |  75.0 |      48 |      88 |  64.7
   Depths:1 |   31850 |   19551 |  38.0 |      42 |      17 |  28.8
   Depths:2 |   38364 |   91252 |  70.4 |      48 |      51 |  51.5
   Depths:3 |   44411 |   15580 |  26.0 |      46 |      12 |  20.7
   Depths:4 |   68572 |   53659 |  43.9 |      68 |      64 |  48.5
   Depths:5 |   37782 |   24104 |  38.9 |      43 |      28 |  39.4
      Zot:1 |   17091 |    1025 |   5.7 |      13 |       2 |  13.3
      Zot:2 |   20746 |       0 |   0.0 |       7 |       0 |   0.0
      Zot:3 |   12105 |    3189 |  20.9 |      10 |       2 |  16.7
      Zot:4 |   25463 |       0 |   0.0 |      12 |       0 |   0.0
      Zot:5 |   12736 |   27429 |  68.3 |       7 |      10 |  58.8
      IceCv |       0 |    5298 | 100.0 |       0 |      20 | 100.0
     WizLab |       0 |   17683 | 100.0 |       0 |      18 | 100.0
            +---------+---------+-------+---------+---------+-------
